 Dungeon Crawl Stone Soup version 0.25-a0-464-g3004169c2b (webtiles) character file.

Game seed: 12442672343154010577, levelgen mode: deterministic

533 Elellon the Magician (level 7, -1/36 HPs)
             Began as a Deep Elf Conjurer on Feb 5, 2020.
             Slain by a centaur skeleton (4 damage)
             ... on level 4 of the Dungeon.
             The game lasted 00:08:00 (4365 turns).

Elellon the Magician (Deep Elf Conjurer)            Turns: 4365, Time: 00:08:01

Health: -1/36      AC:  2    Str:  7    XL:     7   Next: 4%
Magic:  1/20       EV: 13    Int: 20    God:
Gold:   114        SH:  0    Dex: 15    Spells: 14/21 levels left

rFire    . . .     SeeInvis .   s - +4 dagger
rCold    . . .     Gourm    .   (no shield)
rNeg     . . .     Faith    .   a - +0 robe
rPois    .         Spirit   .   (no helmet)
rElec    .         Reflect  .   (no cloak)
rCorr    .         Harm     .   (no gloves)
MR       .....                  (no boots)
Stlth    ++........             (no amulet)
HPRegen  0.12/turn              (no ring)
MPRegen  0.17/turn              (no ring)

@: very slightly contaminated
A: no striking features
a: no special abilities


You were on level 4 of the Dungeon.
You were not hungry.

You visited 1 branch of the dungeon, and saw 4 of its levels.

You collected 114 gold pieces.

Inventory:

Hand Weapons
 s - a +4 dagger (weapon)
Armour
 a - a +0 robe (worn)
Jewellery
 l - an uncursed ring of positive energy {unknown}
 r - an uncursed amulet of harm {unknown}
Scrolls
 b - 3 scrolls of teleportation {unknown}
 e - 2 scrolls of immolation {unknown}
 h - a scroll of enchant armour {unknown}
 i - 3 scrolls of identify {unknown}
 j - 3 scrolls of remove curse {unknown}
 m - a scroll of noise {unknown}
 o - a scroll of random uselessness {unknown}
 q - a scroll of fog {unknown}
 t - a scroll of fear {unknown}
Potions
 d - a potion of brilliance {unknown}
 f - a potion of agility {unknown}
 k - 2 potions of curing {unknown}
 n - a potion of ambrosia {unknown}
 p - a potion of flight {unknown}
Comestibles
 c - 6 rations
 g - 2 chunks of flesh


   Skills:
 - Level 2.4 Dodging
 - Level 2.4 Stealth
 + Level 7.5 Spellcasting
 + Level 7.3 Conjurations


You had 14 spell levels left.
You knew the following spells:

 Your Spells              Type           Power        Failure   Level  Hunger
a - Magic Dart            Conj           ####         1%          1    None
b - Searing Ray           Conj           #####.       1%          2    None
c - Iskenderun's Mystic   Conj/Tloc      ###.....     21%         4    ###....

Your spell library contained the following spells:

 Spells                   Type           Power        Failure   Level  Hunger
 Dazzling Flash           Conj/Hex       ###...       6%          3    None
 Fulminant Prism          Conj/Hex       ###.......   21%         4    ###....


Dungeon Overview and Level Annotations

Branches:
Dungeon (4/15)
 Temple: D:4-7

Altars:
Qazlal
Wu Jian


Message History

The hound bites you. The hound misses you.
You closely miss the hound.
The hound is almost dead.
The centaur skeleton hits you. The hound bites you.
* * * LOW HITPOINT WARNING * * *
The centaur skeleton hits you.
* * * LOW HITPOINT WARNING * * *
You closely miss the hound.
The hound is almost dead.
The hound barely misses you. The centaur skeleton misses you.
The hound closely misses you.
You barely miss the hound.
The hound is almost dead.
The centaur skeleton closely misses you.
The hound bites you.
* * * LOW HITPOINT WARNING * * *
You miss the hound.
The hound is almost dead.
The hound barely misses you. The centaur skeleton hits you.
You die...

[...###..# ##...†.#.#.#. #...#
#..# .......#.#... ....# #..#
#.. .†....... ###.# #..# #.#
#†....... # #.###..####### #.#
#........ ###..##..#.....# #.#
#........ .........#.###.#
#.###........
...........###.####............
...............Z@h..###........
......................+........
....................###........
#......>............+ +........
########............# ###+##...
..............# #..
#....##..######## #.... #..#
..... ...#


You could see a hound and a centaur skeleton.

Vanquished Creatures
  A phantom (D:4)
  A howler monkey (D:4)
  An orc wizard (D:3)
  2 orc priests (D:3)
  A centaur skeleton (D:4)
  Jessica (D:3)
  Natasha (D:4)
  A worker ant (D:4)
  An iguana (D:4)
  Robin (D:3)
  5 adders (D:2)
  2 dart slugs (D:1)
  2 leopard geckos
  9 orcs
  2 ball pythons
  2 giant cockroaches (D:2)
  22 goblins
  13 hobgoblins
  17 jackals
  8 kobolds
  3 quokkas
  10 bats
  7 frilled lizards
  10 rats
123 creatures vanquished.

Notes
Turn   | Place    | Note
-------+----------+-------------------------------------------
     0 | D:1      | Elellon the Deep Elf Conjurer began the quest for the Orb.
     0 | D:1      | Reached XP level 1. HP: 10/10 MP: 6/6
   336 | D:1      | Reached XP level 2. HP: 15/15 MP: 5/8
   367 | D:1      | Learned a level 2 spell: Searing Ray
   816 | D:1      | Reached XP level 3. HP: 15/19 MP: 4/10
   840 | D:1      | Reached skill level 5 in Conjurations
  1666 | D:2      | Reached XP level 4. HP: 24/24 MP: 8/12
  2060 | D:2      | Reached skill level 5 in Spellcasting
  2151 | D:2      | Found an ornate altar of the Wu Jian Council.
  2374 | D:2      | Noticed a water elemental
  2376 | D:2      | Found a stormy altar of Qazlal.
  2378 | D:2      | Noticed a fire elemental
  2378 | D:2      | Noticed an earth elemental
  2378 | D:2      | Noticed an air elemental
  2672 | D:3      | Reached XP level 5. HP: 28/28 MP: 5/15
  3391 | D:3      | Noticed Jessica
  3394 | D:3      | Killed Jessica
  3394 | D:3      | Reached XP level 6. HP: 32/32 MP: 12/17
  3824 | D:3      | Noticed Robin
  3846 | D:3      | Killed Robin
  4227 | D:4      | Learned a level 4 spell: Iskenderun's Mystic Blast
  4345 | D:4      | Noticed Natasha
  4348 | D:4      | Killed Natasha
  4348 | D:4      | Reached XP level 7. HP: 36/36 MP: 2/20
  4365 | D:4      | Slain by a centaur skeleton

Levels and vault maps discovered:
D:1:      dpeg_arrival_long_road, layout_basic, minmay_domino_4
D:2:      layout_basic, marbit_many_paths, nicolae_qazlal_style_of_elements
D:3:      kennysheep_goblin_castle, layout_loops_ring, uniq_jessica
D:4:      layout_basic, first_ration, dk_noncrumbling_4,
          trog_three_pillars_becter, uniq_menkaure, uniq_grinder, uniq_pikel,
          uniq_natasha

Skill      XL: |  1  2  3  4  5  6 |
---------------+-------------------+-----
Spellcasting   | 4 5 6 7 |  7.5
Conjurations   | 5 6 7 |  7.3
Dodging        | |  2.4
Stealth        | |  2.4

Action                   |  1- 3 |  4- 6 |  7- 9 || total
-------------------------+-------+-------+-------++-------
Melee: Unarmed           |     3 |       |       ||     3
       Hand axe          |       |    10 |       ||    10
       Dagger            |       |       |     5 ||     5
 Cast: Magic Dart        |    76 |   125 |       ||   201
       Searing Ray       |     2 |    14 |     1 ||    17
  Eat: Chunk             |     2 |     8 |       ||    10
Armor: Robe              |     3 |     2 |       ||     5
Dodge: Dodged            |    15 |    23 |     8 ||    46

Table legend:
 A = Non-vault XP
 B = Vault XP
 C = Vault XP percentage of total XP
 D = Non-vault monster count
 E = Vault monster count
 F = Vault count percentage of total count
                 A         B        C        D         E       F
            +---------+---------+-------+---------+---------+-------
      Total |     631 |     131 |  17.2 |      97 |      26 |  21.1
            +---------+---------+-------+---------+---------+-------
        D:1 |      61 |       5 |   7.6 |      32 |       3 |   8.6
        D:2 |     107 |       0 |   0.0 |      28 |       0 |   0.0
        D:3 |     177 |      90 |  33.7 |      30 |      22 |  42.3
        D:4 |     286 |      36 |  11.2 |       7 |       1 |  12.5
            +---------+---------+-------+---------+---------+-------
